Map: Catalyst LE

Players

soul - Winner!

  • Race: Terran Terran
  • Spawn Location: 5:00

MaNa

  • Race: Protoss Protoss
  • Spawn Location: 11:00

Event: WCS Austin 2018

VOD

Have the link to the VOD?

Description

Time

  • Played on: June 1, 2018, 5:54 p.m.
  • Length: 23:06

All games in this series

Show
View Real Time Build Order
Export as new Build Order

soul Terran - Winner!

Build Orders: Cyclone Opening, Reaper Expand, MMM Bio 

Get SALT Encoding   

  12  0:00  SCV  
  13  0:12  SCV  
  14  0:17  Supply Depot  
  14  0:25  SCV  
  15  0:38  SCV  
  15  0:40  Barracks  
  16  0:44  Refinery  
  16  0:50  SCV  
  17  1:02  SCV  
  18  1:15  SCV  
  19  1:31  Reaper  
  19  1:32  Orbital Command  
  20  1:44  Command Center  
  20  1:54  Supply Depot  
  20  1:58  SCV  
  21  2:03  Marine  
  22  2:09  Factory  
  22  2:12  SCV  
  23  2:17  Refinery  
  23  2:23  Barracks Reactor  
  23  2:24  SCV  
  24  2:36  SCV  
  25  2:49  SCV  
  26  2:53  Cyclone  
  28  2:59  Orbital Command  
  28  3:00  Marine x2  
  28  3:01  SCV  
  30  3:10  Starport  
  30  3:13  SCV  
  30  3:18  Marine x2  
  33  3:25  SCV x2  
  33  3:26  Widow Mine  
  37  3:35  Marine  
  37  3:37  SCV x2  
  40  3:45  Supply Depot  
  40  3:49  SCV, Medivac  
  40  3:50  SCV  
  40  3:54  Bunker  
  44  4:01  SCV  
  44  4:02  SCV  
  46  4:06  Supply Depot, Marine  
  46  4:12  Factory Tech Lab  
  46  4:13  SCV  
  46  4:14  SCV  
  46  4:15  Barracks  
  48  4:19  Barracks  
  48  4:25  SCV  
  48  4:26  Engineering Bay  
  48  4:28  SCV  
  50  4:33  Starport Reactor  
  50  4:37  SCV, Factory Tech Lab  
  51  4:39  Refinery  
  51  4:40  SCV  
  50  4:46  Stimpack, Marine  
  50  4:50  SCV  
  50  4:52  SCV  
  53  4:53  Missile Turret  
  53  5:01  Terran Infantry Weapons Level 1  
  53  5:02  SCV  
  53  5:04  Supply Depot, SCV  
  55  5:07  Factory Reactor  
  55  5:14  SCV  
  56  5:18  Refinery, Marine  
  56  5:19  Marine x3  
  56  5:20  Combat Shield  
  60  5:24  SCV  
  60  5:26  Medivac  
  63  5:30  Supply Depot x2, SCV  
  64  5:36  SCV, Marine x3  
  64  5:42  SCV  
  69  5:46  Marine  
  70  5:51  Widow Mine x2, SCV  
  70  5:52  Supply Depot x2  
  70  5:54  Marine  
  70  5:55  Marauder x2  
  80  5:59  Medivac  
  80  6:01  Medivac  
  84  6:04  Marine  
  84  6:07  Missile Turret  
  85  6:13  Widow Mine  
  85  6:14  Supply Depot  
  85  6:15  Widow Mine  
  85  6:16  Marauder x2, Supply Depot  
  93  6:21  Marine  
  93  6:25  Marine  
  95  6:36  SCV  
  95  6:37  SCV  
  97  6:47  Concussive Shells  
  97  6:48  SCV, Barracks x2  
  97  6:50  SCV  
  97  6:53  Marine  
  99  6:54  Marauder, Command Center  
  99  6:55  Marauder  
  99  6:59  Marine  
  99  7:01  SCV  
  103  7:07  Widow Mine x2  
  105  7:08  Liberator  
  105  7:09  SCV  
  105  7:11  Marine  
  109  7:15  Marauder  
  109  7:16  Marine x2  
  109  7:21  Terran Infantry Armor Level 1  
  111  7:29  Marine  
  107  7:33  SCV  
  107  7:34  Marine  
  107  7:35  Marauder  
  107  7:37  Marauder  
  109  7:46  Barracks Tech Lab, Barracks Reactor  
  109  7:47  Marine  
  109  7:51  Medivac  
  88  7:52  Marine  
  88  7:53  SCV  
  88  7:56  Marauder  
  88  7:58  Marauder  
  94  7:59  SCV  
  94  8:02  Widow Mine x2  
  94  8:05  Marauder, Marine  
  102  8:07  Orbital Command  
  102  8:09  SCV  
  102  8:10  Marine  
  102  8:11  SCV  
  105  8:15  Medivac  
  105  8:17  Marine  
  105  8:19  Marauder  
  110  8:21  Medivac  
  110  8:22  SCV, Marine  
  110  8:23  SCV  
  110  8:25  Armory, Marine  
  110  8:26  Engineering Bay  
  110  8:27  Marauder  
  118  8:39  Marine  
  118  8:41  Marine  
  120  8:43  Marine x2  
  120  8:45  Medivac  
  120  8:47  Command Center  
  126  8:51  Medivac  
  126  8:53  Starport  
  126  8:55  Fusion Core  
  126  8:58  Refinery x2  
  122  9:08  Liberator x2  
  122  9:09  SCV  
  115  9:11  Marauder, Marine  
  115  9:12  Marauder, Marine  
  115  9:13  Marauder, Marine x2  
  115  9:14  SCV  
  115  9:15  SCV  
  105  9:21  SCV  
  96  9:26  SCV  
  96  9:27  SCV  
  96  9:28  Widow Mine x2, Marine  
  96  9:30  Marine x2  
  107  9:33  Marauder, SCV  
  107  9:36  Marauder  
  104  9:39  Marine  
  104  9:41  Marine  
  96  9:46  Marine  
  96  9:48  Marine x2  
  90  9:54  Marauder, SCV  
  90  9:57  Marauder, Marine  
  90  9:59  Marauder, Planetary Fortress  
  98  10:01  Starport Tech Lab  
  98  10:04  Marine  
  98  10:05  Marine  
  98  10:06  SCV x2, Marine  
  103  10:08  Terran Infantry Weapons Level 2  
  103  10:11  Terran Infantry Armor Level 2  
  103  10:13  SCV  
  104  10:15  Marine  
  104  10:16  Marauder  
  104  10:18  SCV, Marine  
  104  10:20  Marine  
  108  10:26  SCV x2  
  110  10:28  Advanced Ballistics  
  110  10:31  Marine  
  110  10:32  Marine  
  112  10:37  Marauder, Widow Mine x2  
  112  10:42  Missile Turret, Marine  
  119  10:46  Marine  
  119  10:47  Marauder  
  121  10:50  SCV x2, Marine  
  121  10:51  Marauder  
  121  10:53  SCV  
  127  11:00  Marauder, Marine  
  127  11:01  Liberator x2  
  127  11:05  Marine  
  127  11:06  Marine  
  127  11:08  Marauder  
  125  11:12  Marauder  
  125  11:15  Marine  
  130  11:20  Marine  
  130  11:22  Marauder  
  130  11:23  Marine  
  131  11:29  Marauder  
  131  11:30  Refinery  
  133  11:42  Liberator  
  133  11:44  Orbital Command  
  133  11:48  Supply Depot  
  133  11:50  Refinery, Supply Depot  
  133  11:51  Marauder x2, SCV x2, Marine  
  138  11:54  Liberator  
  135  12:03  Marauder, Liberator, Marine, SCV x2  
  138  12:15  SCV x2  
  143  12:17  Refinery  
  143  12:22  Marine  
  146  12:23  Marauder  
  146  12:24  Marine  
  146  12:27  Marine x2  
  143  12:30  Marine  
  143  12:35  Marauder  
  146  12:40  Marine  
  146  12:41  Marine  
  146  12:42  Medivac  
  146  12:43  Widow Mine x2  
  154  12:44  Marauder  
  155  12:54  Supply Depot x2, Medivac  
  155  12:55  Supply Depot  
  157  13:01  Marine  
  157  13:16  Marauder x2, Marine, Medivac x2  
  165  13:20  Marine  
  165  13:21  Marauder  
  165  13:24  Medivac  
  169  13:31  Marine  
  170  13:35  Supply Depot, Terran Infantry Weapons Level 3  
  170  13:36  Supply Depot  
  170  13:37  Marine  
  170  13:38  Marauder  
  173  13:45  Medivac  
  173  13:48  Medivac  
  161  13:50  Command Center  
  161  13:55  Marauder, Marine  
  158  14:04  Marauder, Marine  
  158  14:05  Widow Mine x2, Barracks  
  158  14:07  Barracks  
  165  14:14  Liberator x3  
  165  14:17  Marauder  
  165  14:23  Marine x2  
  170  14:24  Marauder  
  171  14:44  SCV x3  
  171  14:45  Marauder, Marine  
  177  14:47  Marauder, Supply Depot, Marine  
  177  14:48  Supply Depot  
  180  14:58  Marine  
  180  14:59  Marauder  
  176  15:04  Planetary Fortress  
  176  15:05  Marine  
  176  15:06  Marine  
  179  15:07  Marauder  
  174  15:15  Marauder, Marine  
  174  15:18  Marine  
  174  15:20  Marauder  
  178  15:32  SCV x3  
  178  15:33  Marine  
  178  15:34  Marauder, Ghost Academy  
  182  15:37  Viking x3  
  179  15:43  Marine  
  179  15:44  Marauder, SCV x2  
  179  15:45  Marine x2  
  179  15:48  Barracks Tech Lab x2  
  185  15:52  Liberator  
  153  16:05  Marine  
  153  16:06  Marine  
  153  16:07  Marine, Viking x2  
  153  16:08  Marine  
  153  16:09  Marine x5  
  138  16:20  Liberator x2  
  138  16:22  Marine  
  138  16:24  Marine  
  132  16:25  Marine  
  132  16:26  Marine x3  
  132  16:27  Marauder, Marine  
  119  16:35  Liberator  
  118  16:40  Marine  
  118  16:42  Marine  
  118  16:43  Marine  
  118  16:45  Marauder  
  120  16:50  Marauder, Marine  
  120  16:51  Marine x2  
  125  16:58  Marine  
  125  17:00  Marine  
  122  17:03  Liberator x2  
  122  17:06  Marauder, Orbital Command  
  117  17:18  Liberator  
  120  17:26  Marine  
  120  17:27  Marauder  
  120  17:29  Marine  
  118  17:31  Marine  
  123  17:40  Orbital Command  
  121  17:46  Liberator  
  121  17:47  Marauder, Marine x2  
  118  18:03  Medivac  
  123  18:06  Marine x2  
  123  18:07  Marauder, Refinery  
  114  18:13  Marine  
  114  18:16  Marine x3  
  114  18:18  Medivac  
  110  18:24  Marine x2  
  105  18:28  Marine  
  105  18:31  Marine  
  105  18:33  Marine x3  
  94  18:42  Marine x2  
  94  18:45  Marine  
  94  18:48  Refinery  
  97  18:49  Marine  
  97  18:51  Marine x2  
  97  18:52  Marauder  
  101  19:00  Marine x2  
  102  19:07  Marine  
  102  19:09  Marine  
  88  19:21  Marauder x2, Marine  
  90  19:25  Marauder, Marine  
  90  19:30  Marine  
  86  19:50  Marine  
  86  19:51  Marine  
  86  19:52  Marine x5  
  90  19:59  Refinery  
  84  20:07  Marine  
  84  20:09  Marine  
  84  20:10  Marine x3  
  84  20:14  Marine  
  83  20:19  Marine  
  84  20:28  Refinery  
  79  20:39  Marine  
  58  20:44  Marine  
  34  21:06  Marauder  
  34  21:09  Marine  
  35  21:15  Medivac  
  37  21:22  Marine  
  35  21:30  Marine  
  30  21:36  Marine  
  30  21:38  Marine  
  26  21:50  Medivac  
  23  21:58  Marauder  
  23  22:00  Marine  
  23  22:06  Marine  
  23  22:08  Marine  
  22  22:16  Marine  
  23  22:23  Marine  
  24  22:31  Marine  
  25  22:43  Marauder  
  26  22:45  Marine  
Show
View Real Time Build Order
Export as new Build Order

MaNa Protoss 

Build Orders: Oracle Opening 

Get SALT Encoding   

  12  0:00  Probe  
  13  0:12  Probe  
  14  0:17  Pylon  
  14  0:24  Probe  
  15  0:32  Probe  
  15  0:38  Gateway  
  15  0:40  Probe  
  16  0:48  Assimilator  
  17  0:51  Probe  
  18  1:01  Probe  
  19  1:06  Pylon  
  19  1:09  Probe  
  19  1:17  Probe  
  20  1:25  Cybernetics Core, Zealot  
  23  1:51  Nexus  
  23  1:54  Stalker  
  23  1:58  Assimilator  
  23  2:07  Probe  
  26  2:11  Warp Gate  
  26  2:19  Probe  
  27  2:24  Stalker  
  29  2:32  Probe, Pylon  
  30  2:44  Probe  
  31  2:54  Stargate  
  31  2:56  Probe  
  32  2:59  Stalker  
  32  3:04  Probe  
  34  3:08  Probe  
  34  3:12  Probe  
  37  3:20  Probe x2  
  39  3:29  Oracle, Gateway  
  39  3:32  Probe, Gateway  
  43  3:41  Probe  
  43  3:44  Probe  
  44  3:53  Probe  
  44  3:56  Probe  
  44  4:01  Probe  
  44  4:08  Probe  
  44  4:09  Oracle, Probe  
  50  4:20  Probe x2  
  52  4:28  Pylon  
  52  4:32  Probe  
  52  4:33  Probe  
  52  4:36  Nexus  
  54  4:46  Probe  
  54  4:47  Probe  
  54  4:48  Twilight Council  
  54  4:51  Forge  
  56  4:57  Sentry, Pylon  
  56  4:59  Probe x2  
  60  5:02  Assimilator  
  60  5:05  Assimilator  
  60  5:11  Probe x2  
  62  5:17  Blink  
  62  5:19  Sentry  
  62  5:20  Stalker x2  
  68  5:23  Probe x2  
  68  5:27  Protoss Ground Weapons Level 1  
  70  5:32  Pylon  
  70  5:40  Gateway  
  70  5:41  Gateway  
  70  5:48  Gateway  
  70  5:54  Gateway  
  70  5:58  Stalker  
  72  6:04  Shield Battery  
  72  6:05  Zealot  
  72  6:10  Probe x3  
  77  6:12  Pylon  
  77  6:14  Stalker  
  79  6:22  Probe x2  
  79  6:23  Robotics Facility  
  81  6:27  Probe  
  81  6:30  Pylon  
  82  6:34  Probe x2  
  82  6:37  Shield Battery  
  82  6:39  Probe  
  85  6:42  Sentry x2  
  85  6:46  Probe  
  90  6:47  Zealot  
  90  6:48  Zealot x2  
  96  6:54  Probe x2  
  96  6:57  Shield Battery  
  96  6:58  Charge  
  98  7:03  Stalker  
  98  7:04  Stalker  
  98  7:05  Protoss Ground Armor Level 1  
  100  7:15  Stalker x4  
  108  7:16  Observer  
  109  7:32  Probe  
  109  7:36  Probe x2  
  107  7:41  Zealot x4  
  109  7:47  Probe  
  104  7:52  Zealot  
  104  7:53  Zealot  
  104  7:55  Pylon  
  104  7:58  Observer  
  109  8:00  Robotics Bay  
  109  8:02  Pylon  
  109  8:03  Pylon  
  109  8:04  Photon Cannon  
  109  8:09  Assimilator  
  109  8:11  Immortal  
  109  8:13  Assimilator  
  109  8:15  Sentry, Photon Cannon  
  112  8:26  Robotics Facility  
  115  8:27  Probe  
  115  8:29  Probe  
  115  8:31  Pylon  
  118  8:37  Zealot  
  118  8:39  Probe  
  118  8:41  Disruptor  
  122  8:47  Zealot x4  
  125  8:54  Stalker  
  128  9:03  Probe  
  128  9:05  Stalker x2  
  133  9:13  Stalker x3  
  133  9:15  Protoss Ground Weapons Level 2  
  124  9:22  Zealot  
  114  9:42  Zealot x6  
  122  9:46  Probe  
  122  9:52  Zealot  
  113  9:54  Disruptor x2  
  117  10:04  Sentry x2  
  117  10:05  Sentry  
  123  10:15  Observer, Nexus  
  123  10:19  Observer  
  123  10:23  Stalker x4  
  131  10:29  Probe x3  
  131  10:30  Photon Cannon  
  134  10:36  Pylon  
  134  10:41  Observer x2  
  133  10:58  Zealot x5  
  133  10:59  Zealot x2  
  121  11:16  Probe x3  
  121  11:17  Disruptor  
  125  11:24  Probe x3  
  125  11:25  Zealot x6  
  136  11:27  Probe  
  136  11:32  Probe  
  140  11:36  Disruptor  
  144  11:46  Observer, Templar Archives  
  144  11:52  Disruptor  
  145  12:05  Stalker x4  
  153  12:12  Disruptor  
  153  12:14  Probe x4  
  159  12:18  Pylon  
  159  12:20  Stalker x2  
  163  12:26  Probe  
  163  12:28  Probe  
  163  12:30  Disruptor, Protoss Ground Armor Level 2  
  151  12:39  Fleet Beacon  
  151  12:40  Forge  
  151  12:48  Disruptor  
  151  12:49  Zealot  
  156  12:51  Zealot x2  
  156  12:54  Zealot  
  162  12:58  Stalker x2  
  162  13:02  Nexus  
  162  13:04  Stalker  
  165  13:16  Zealot x2  
  165  13:17  Zealot  
  170  13:24  Nexus  
  169  13:33  Pylon  
  167  13:36  Pylon  
  167  13:38  Pylon  
  157  13:52  Pylon  
  157  13:53  Tempest, Pylon  
  160  13:58  Zealot x2  
  160  14:00  High Templar x3  
  160  14:02  High Templar  
  172  14:05  Archon  
  172  14:07  Archon  
  172  14:10  Disruptor  
  173  14:20  Protoss Ground Weapons Level 3  
  157  14:27  Stalker x2  
  157  14:28  Stalker  
  163  14:34  Probe x3  
  163  14:36  Observer  
  167  14:45  High Templar x2  
  167  14:46  Probe x3, High Templar x2  
  167  14:49  Archon  
  167  14:50  Archon  
  172  15:02  Probe x2  
  172  15:04  Zealot x3  
  172  15:06  Probe  
  174  15:09  Probe  
  167  15:14  Probe x2  
  159  15:22  Probe  
  159  15:26  Probe x2  
  158  15:32  High Templar x2  
  158  15:33  High Templar x3  
  158  15:34  Probe, High Templar  
  168  15:36  Archon  
  168  15:37  Archon  
  168  15:38  Probe x2  
  168  15:39  Nexus  
  168  15:41  Archon  
  170  15:42  Zealot  
  160  16:05  Probe  
  160  16:08  Zealot x2  
  160  16:09  Zealot x5  
  150  16:25  Probe x2  
  152  16:27  Pylon  
  152  16:29  Nexus  
  138  16:37  Immortal  
  138  16:43  Immortal  
  138  16:45  Probe x2  
  142  17:16  Disruptor  
  142  17:17  Zealot x7  
  153  17:29  Disruptor  
  149  17:49  Zealot x3  
  149  17:50  Stalker x2  
  151  17:54  Stalker  
  143  18:06  Pylon  
  128  18:32  Observer  
  108  18:34  Tempest  
  108  18:40  Stalker x4  
  119  18:51  High Templar x2, Zealot  
  125  18:58  Archon  
  108  19:18  Nexus  
  108  19:25  Stalker  
  91  19:50  Probe x2  
  84  20:02  Probe  
  29  20:56  Nexus  
  21  21:07  Stalker  
  20  21:46  Observer  
  18  21:56  Probe x2  
  20  22:15  Probe x2  
  22  22:24  Probe  
  23  22:34  Zealot  
  22  22:56  Stalker  
Tags
 
Add a new tag
Caveats
  • Supply blocks, unpowered buildings, or Contaminate may cause inaccurate times.
  • Supply counts are checked every 10 seconds.